 Dungeon Crawl Stone Soup version 0.18.1-6-gd335043 (webtiles) character file.

92 GeneralIdiocy the Skirmisher (level 4, -1/39 HPs)
             Began as a Demonspawn Monk on May 20, 2016.
             Blown up by a gnoll (6 damage)
             ... with a wand of disintegration
             ... on level 3 of the Dungeon.
             The game lasted 00:02:52 (2540 turns).

GeneralIdiocy the Skirmisher (Demonspawn Monk)      Turns: 2540, Time: 00:02:53

Health: -1/39      AC:  3    Str: 12    XL:     4   Next: 35%
Magic:  4/4        EV: 14    Int: 11    God:
Gold:   56         SH:  0    Dex: 16    Spells: 0 memorised, 3 levels left

rFire  . . .     SeeInvis .       - Unarmed
rCold  . . .     Gourm    .     h - +0 leather armour
rNeg   . . .     Faith    .     (no shield)
rPois  .         Spirit   .     (no helmet)
rElec  .         Dismiss  .     (no cloak)
rCorr  .         Reflect  .     (no gloves)
SustAt .         Harm     .     (no boots)
MR     .....                    (no amulet)
Stlth  ++........               (no ring)
                                (no ring)

@: not resistant to hostile enchantments, unstealthy
A: repulsion field 1, rot immunity
a: no special abilities


You were on level 3 of the Dungeon.
You were not hungry.

You visited 1 branch of the dungeon, and saw 3 of its levels.

You collected 56 gold pieces.

Inventory:

Armour
 h - a +0 leather armour (worn)
Scrolls
 a - a scroll of immolation {unknown}
 c - a scroll of remove curse {unknown}
 d - 5 scrolls of identify {unknown}
 g - a scroll of noise {unknown}
 k - 2 scrolls of teleportation {unknown}
 l - a scroll of fear {unknown}
 m - a scroll of random uselessness {unknown}
 o - a scroll of amnesia {unknown}
Potions
 e - 2 potions of mutation {unknown}
 f - a potion of lignification {unknown}
 i - a potion of curing {unknown}
 j - a potion of cancellation {unknown}
Comestibles
 b - 2 bread rations
 n - 2 chunks of flesh


   Skills:
 + Level 5.2 Fighting
 - Level 2.6 Dodging
 - Level 1.7 Stealth
 - Level 3.6 Unarmed Combat


You had 3 spell levels left.
You didn't know any spells.

Dungeon Overview and Level Annotations

Branches:
Dungeon (3/15)

Altars:
Qazlal


Innate Abilities, Weirdness & Mutations

You are surrounded by a mild repulsion field (EV +2).
You are immune to rotting.


Message History

Items here: ) ††† a club; a jackal corpse x3
o - a scroll labeled OLLIOSS WUIX
Items here: ) ††† a club; a jackal corpse x3
A gnoll comes into view. It is wielding a club.
A gnoll is nearby!
A gnoll is nearby!
You see here a stone.
You strike the helpless gnoll from a blind spot!
You hit the gnoll.
The gnoll is moderately wounded.
The gnoll zaps a wand.
You are blasted!
Ouch! That really hurt!
* * * LOW HITPOINT WARNING * * *
It is a wand of disintegration.
The gnoll zaps a wand.
You are blasted!
* * * LOW HITPOINT WARNING * * *
The gnoll zaps a wand.
You are blasted!
You die...

#........ #### #........
######...##.# #........
...##.....#.#####........
...#........##...........
...#...........g......#
...#.............†#######
.....<.....>....#(.)....####.#
...##.....#.###.@..####......#
...#........# #.#...#
#####....
...#........###.##....# ..
...#........#...##..#....
...#.......#..#####.#....#
#....#...#...## #.. ./##
#..#####.#..## ...#.## #..#
#.#..# ..## # #..# #.#..###..
#.#


You could see a gnoll.

Vanquished Creatures
  An adder (D:2)
  3 worms (D:2)
  4 dart slugs
  2 giant geckos (D:1)
  3 giant cockroaches
  7 goblins
  7 hobgoblins
  4 jackals (D:3)
  2 quokkas
  9 bats
  6 giant newts
  5 kobolds
  11 rats
64 creatures vanquished.

Notes
Turn   | Place    | Note
--------------------------------------------------------------
     0 | D:1      | GeneralIdiocy the Demonspawn Monk began the quest for the Orb.
     0 | D:1      | Reached XP level 1. HP: 18/18 MP: 1/1
   394 | D:1      | Gained mutation: You are immune to rotting. [demonic ancestry]
   394 | D:1      | Reached XP level 2. HP: 22/24 MP: 2/2
   576 | D:1      | Reached skill level 4 in Fighting
   775 | D:1      | Reached XP level 3. HP: 28/30 MP: 3/3
  1005 | D:2      | Found a stormy altar of Qazlal.
  2024 | D:2      | Gained mutation: You are surrounded by a mild repulsion field (EV +2). [demonic ancestry]
  2024 | D:2      | Reached XP level 4. HP: 38/38 MP: 4/4
  2187 | D:2      | Reached skill level 5 in Fighting
  2540 | D:3      | Blown up by a gnoll

Skill      XL: |  1  2  3  4 |
---------------+-------------+-----
Fighting       | 4 5 |  5.2
Dodging        | |  2.6
Stealth        | |  1.7
Unarmed Combat | |  3.6

Action                   |  1- 3 |  4- 6 || total
-------------------------+-------+-------++-------
Melee: Unarmed           |   143 |    78 ||   221
       Punch             |     1 |       ||     1
 Stab: Sleeping          |     4 |     1 ||     5
       Distracted        |     1 |     1 ||     2
  Eat: Chunk             |     4 |     1 ||     5
Armor: Robe              |     2 |       ||     2
       Leather armour    |    26 |    26 ||    52
Dodge: Dodged            |    90 |    65 ||   155
